 Dungeon Crawl Stone Soup version 0.30-a0-165-g1891117ce2 (webtiles) character file.

Game seed: 1922476923093520086

43 brightshaft the Magician (level 3, -5/28 HPs)
             Began as a Djinni Fire Elementalist on Sept 29, 2022.
             Slain by a worm (7 damage)
             ... on level 2 of the Dungeon.
             The game lasted 00:04:10 (1583 turns).

brightshaft the Magician (Djinni Fire Elementalist) Turns: 1583, Time: 00:04:11

Health: -5/28      AC:  2    Str:  7    XL:     3   Next: 82%
Gold:   61         EV: 12    Int: 18    God:
                   SH:  0    Dex: 13

rFire   + + .      SeeInvis .    i - +0 glaive
rCold   x . .      Faith    .    (shield currently unavailable)
rNeg    . . .      Spirit   .    a - +0 robe
rPois   ∞          Reflect  .    (no helmet)
rElec   .          Harm     .    (no cloak)
rCorr   .          Rampage  .    (no gloves)
Will    .....                    (boots unavailable)
Stlth   ++........               (no amulet)
HPRegen 0.09/turn                (no ring)
MPRegen 0.00/turn                (no ring)

@: flying, very slightly contaminated
A: sickness immunity, fire resistance 2, cold vulnerability 1, float, innate
caster, HP casting, extra vitality 1
a: no special abilities


You were on level 2 of the Dungeon.
You visited 1 branch of the dungeon, and saw 2 of its levels.

You collected 61 gold pieces.

Inventory:

Hand Weapons
 b - a +0 dagger
 g - a +0 spear
 i - a +0 glaive (weapon)
Missiles
 c - 2 boomerangs
 d - 9 poisoned darts
Armour
 a - a +0 robe (worn)
 f - a +0 ring mail
Scrolls
 e - a scroll of blinking {unknown}
Potions
 h - a potion of lignification {unknown}
 j - 3 potions of heal wounds {unknown}
 k - a potion of flight {unknown}


   Skills:
 + Level 2.1 Fighting
 - Level 2.1 Dodging
 - Level 1.5 Stealth
 + Level 3.0 Spellcasting


You couldn't memorise any spells.
You knew the following spells:

 Your Spells              Type           Power      Damage    Failure   Level
a - Foxfire               Conj/Fire      52%        2x1d6     4%          1
b - Scorch                Fire           26%        2d6       7%          2
c - Kindle Blastsparks    Fire/Tloc/Air  26%        2d12      14%         3
d - Inner Flame           Hex/Fire       13%        N/A       14%         3
e - Flame Wave            Conj/Fire      13%        2d6       43%         4
f - Necrotise             Necr           52%        1d6       4%          1
Your spell library was empty.

Dungeon Overview and Level Annotations

Branches:
Dungeon (2/15)

Altars:

Shops:
D:1 [


Innate Abilities, Weirdness & Mutations

You are immune to sickness and miasma.
You are immune to poison.
Your flesh is very heat resistant. (rF++)
You are vulnerable to cold. (rC-)
You float through the air rather than walking.
You learn spells naturally, not from books.
Your magical power is your life essence.
You have superior vitality. (+4 MHP)


Message History

There is a stone staircase leading down here.
You see here a quokka corpse.
Found a stone staircase leading up.
A worm comes into view.
Found 12 gold pieces.
A goblin and a hobgoblin come into view.
There is a stone staircase leading up here.
The goblin shouts!
There is a stone staircase leading up here.
The goblin closely misses you. The goblin attacks as you move away!
The goblin barely misses you.
You miss the goblin. The goblin closely misses you.
You hit the goblin.
You kill the goblin!
You barely miss the worm. The worm bites you.
You barely miss the worm. The worm bites you!
You are too injured to fight recklessly!
You are too injured to fight recklessly!
You are too injured to fight recklessly!
You are too injured to fight recklessly!
Casting: Scorch (safe; 7% risk of failure)
Press: ? - help, Q - select action, (/) - cycle Dir - look around, f - activate You miscast Scorch.
You are very lightly contaminated with residual magic.
Nothing appears to happen.
The worm bites you!
* * * LOW HITPOINT WARNING * * *
Casting: Scorch (safe; 7% risk of failure)
Press: ? - help, Q - select action, (/) - cycle Dir - look around, f - activate Flames lash the worm.
The worm is heavily wounded.
The worm's fire resistance burns away.
* * * LOW HITPOINT WARNING * * *
Casting: Scorch (safe; 7% risk of failure)
Press: ? - help, Q - select action, (/) - cycle Dir - look around, f - activate Flames lash the worm.
The worm is burned terribly!
The worm is almost dead.
* * * LOW HITPOINT WARNING * * *
The worm bites you!
You die...

#.##
#.J...#
#>†##
#.....#
##..#
#|.....g
##.#
#####..##
#.### ..J
#...#
###.###
#...#
###@# #w#
#g# #.###
#<..#
###.#
....
#.g....
#........


You could see a worm (combustible) and a hobgoblin.

Vanquished Creatures
  5 endoplasms
  A giant cockroach (D:1)
  3 hobgoblins
  10 jackals
  3 quokkas
  2 ball pythons (D:1)
  2 bats (D:1)
  6 goblins
  2 rats (D:1)
34 creatures vanquished.

Vanquished Creatures (others)
  18 foxfires (D:1)
18 creatures vanquished.

Grand Total: 52 creatures vanquished

Notes
Turn   | Place    | Note
-------+----------+-------------------------------------------
     0 | D:1      | brightshaft the Djinni Fire Elementalist began the quest
                  | for the Orb.
     0 | D:1      | brightshaft set off with the following spells memorised:
                  | Foxfire, Scorch, Kindle Blastsparks, Inner Flame, Flame
                  | Wave.
     0 | D:1      | Reached XP level 1. HP: 15/15 MP: 0/0
   148 | D:1      | Reached XP level 2. HP: 7/22 MP: 0/0
   151 | D:1      | Reached skill level 1 in Fighting
   471 | D:1      | Found Ykooh's Armour Boutique.
   514 | D:1      | Reached XP level 3. HP: 2/27 MP: 0/0
   514 | D:1      | Learned a level 1 spell: Necrotise
  1190 | D:1      | Found a faded altar of an unknown god.
  1347 | D:2      | Reached skill level 3 in Spellcasting
  1583 | D:2      | Slain by a worm

Illustrated notes

Levels and vault maps discovered:
D:1:      evilmike_arrival_plus, layout_rooms, chequers_ecumenical_altar_grove,
          serial_shops, nicolae_shop_statue_plus
D:2:      layout_rooms, serial_shops, shop

Skill      XL: |  1  2  3 |
---------------+----------+-----
Fighting       | 1 2 |  2.1
Spellcasting   | 3 |  3.0
Dodging        | |  2.1
Stealth        | |  1.5

Action                   || total
-------------------------++-------
Melee: Spear             ||    38
       Unarmed           ||     3
       Glaive            ||    25
 Cast: Foxfire           ||    11
       Scorch            ||    17
       Kindle Blastspark ||     1
  Use: Potion            ||     2
Armor: Robe              ||    19
Dodge: Dodged            ||    90

Table legend: (Time is in decaauts)
 A = Elapsed time spent in this place.
 B = Non-inter-level travel time spent in this place.
 C = Inter-level travel time spent in this place.
 D = Time resting spent in this place.
 E = Time spent auto-exploring this place.
 F = Levels seen in this place.
 G = Mean time per level.
                   A        B        C        D        E       F      G
               +--------+--------+--------+--------+--------+-----+--------+
         Total |   1603 |   1591 |     12 |      0 |   1238 |   2 |  801.5 |
       Dungeon |   1603 |   1591 |     12 |      0 |   1238 |   2 |  801.5 |
               +--------+--------+--------+--------+--------+-----+--------+

Top non-repeatable levels by time:
     D:1: 1331 daAuts
     D:2: 271 daAuts
